 Dungeon Crawl Stone Soup version 0.31.0-10-gcf4a605ca0 (webtiles) character file.

Game seed: 3007134131130823171

2662 seu1023 the Trooper (level 9, -7/49 HPs)
             Began as a Felid Shapeshifter on Jan 25, 2024.
             Was a Follower of Cheibriados.
             Mangled by a wight
             ... wielding a +2 flail of freezing
              (16 damage)
             ... on level 6 of the Dungeon.
             The game lasted 00:23:06 (5784 turns).

seu1023 the Trooper (Felid Shapeshifter)            Turns: 5784, Time: 00:23:07

Health: -7/49      AC:  2    Str: 17    XL:     9   Next: 36%
Magic:  19/19      EV: 21    Int: 17    God:    Cheibriados [*.....]
Gold:   292        SH:  0    Dex: 19    Spells: 8/8 levels left
                                        Lives:  0   Deaths: 3

rFire   . .          .
                       - Unarmed
rCold   . . .        (shield unavailable)
rNeg    . . .        (body armour unavailable)
rPois   .            (helmet unavailable)
rElec   .            (cloak unavailable)
rCorr   .            (gloves unavailable)
SInv    +            (boots unavailable)
Will    ++...        (no amulet)
Stlth   ++++         u - ring of willpower
HPRegen 0.28/turn    i - ring of magical power
MPRegen 0.16/turn

%: no passive effects
@: beast-form, very slow
A: beast (slay +3), very small, claws 1, fangs 3, see invisible, shaggy fur 2,
stealthy paws, no weapons or thrown items, no armour, multi-lived
a: Begin Untransformation, Renounce Religion, Bend Time


You were on level 6 of the Dungeon.
You worshipped Cheibriados.
Cheibriados was aware of your devotion.
You were a hulking beast.
You visited 2 branches of the dungeon, and saw 8 of its levels.

You collected 328 gold pieces.
You spent 36 gold pieces at shops.

Inventory:

Magical Staves
 h - a staff of earth
Jewellery
 i - a ring of magical power (right paw)
 u - a ring of willpower (left paw)
 z - an amulet of the acrobat
Talismans
 b - a beast talisman
 c - a flux talisman
 d - a granite talisman
 r - a serpent talisman
Wands
 A - a wand of iceblast (11)
Scrolls
 e - 5 scrolls of identify
 f - 2 scrolls of blinking {unknown}
 g - a scroll of revelation {unknown}
 j - 2 scrolls of enchant armour {unknown}
 k - a scroll of noise {unknown}
 m - a scroll of immolation {unknown}
 n - a scroll of teleportation {unknown}
 s - a scroll of poison {unknown}
 x - 3 scrolls of vulnerability
 y - a scroll of summoning {unknown}
Potions
 a - a potion of lignification
 l - a potion of enlightenment {unknown}
 o - a potion of brilliance {unknown}
 p - a potion of resistance {unknown}
 q - 6 potions of curing
 t - a potion of berserk rage {unknown}
 v - a potion of haste {unknown}
 w - a potion of might {unknown}


   Skills:
 + Level 6.9 Fighting
 + Level 6.5 Dodging
 + Level 6.3 Stealth
 - Level 6.0 Unarmed Combat
 + Level 6.3 Shapeshifting


You had 8 spell levels left.
You didn't know any spells.
Your spell library contained the following spells:

 Spells                   Type           Power      Damage    Failure   Level
 Apportation              Tloc           0%         N/A       24%         1
 Foxfire                  Conj/Fire      0%         2x1d4     24%         1
 Blink                    Tloc           0%         N/A       34%         2
 Jinxbite                 Hex            0%         N/A       34%         2
 Lesser Beckoning         Tloc           0%         N/A       34%         2
 Momentum Strike          Conj/Tloc      0%         3d8       34%         2
 Scorch                   Fire           0%         2d5       34%         2
 Frozen Ramparts          Ice            0%         1d1       56%         3
 Gell's Gravitas          Tloc           0%         N/A       56%         3
 Teleport Other           Tloc           0%         N/A       56%         3
 Flame Wave               Conj/Fire      0%         2d4       93%         4
 Leda's Liquefaction      Alch/Erth      0%         N/A       93%         4
 Petrify                  Alch/Erth      0%         N/A       93%         4
 Alistair's Intoxication  Alch           0%         N/A       100%        5
 Metabolic Englaciation   Hex/Ice        0%         N/A       100%        5
 Dispersal                Tloc           0%         N/A       100%        6
 Plasma Beam              Fire/Air       0%         2x1d10    100%        6
 Starburst                Conj/Fire      0%         6d3       100%        6
 Summon Cactus Giant      Summ           0%         N/A       100%        6


Dungeon Overview and Level Annotations

Branches:
Dungeon (7/15)             Temple (1/1) D:5

Altars:
Ashenzari
Cheibriados
Dithmenos
Fedhas
Gozag
Hepliaklqana
Kikubaaqudgha
Makhleb
Nemelex Xobeh
Okawaru
Qazlal
Ru
Sif Muna
Trog
Uskayaw
Vehumet
Wu Jian
Xom
Yredelemnul
Zin
The Shining One

Shops:
D:1 !   D:6 [[[((

Annotations:
D:4 Dowan, Duvessa


Innate Abilities, Weirdness & Mutations

You are a hulking beast.
Your limbs bulge with bestial killing power. (Slay +3)
You have sharp claws.
You have razor-sharp teeth.
You have supernaturally acute eyesight. (SInv)
You are covered in thick fur. (AC +2)
Your paws help you pounce on unaware monsters.
You are incapable of wielding weapons or throwing items.
You cannot wear armour.
You gain extra lives every three experience levels.


Message History

You scratch the ice beast but do no damage.
The iguana hisses angrily.
The ice beast closely misses you.
You scratch the ice beast. Your bite misses the ice beast.
The ice beast is lightly wounded.
The ice beast completely misses you.
You claw the ice beast!
The ice beast is moderately wounded.
The ice beast hits you. The ice beast freezes you!
The ice beast attacks as it pursues you!
The ice beast closely misses you.
An orc comes into view. It is wielding a +0 war axe.
The orc moves out of view.
The ice beast attacks as it pursues you!
The ice beast barely misses you. The ice beast completely misses you.
The orc shouts!
You hear an angry hiss.
A wyvern comes into view.
The ice beast attacks as it pursues you!
The ice beast hits you. The ice beast freezes you.
The ice beast attacks as it pursues you!
The ice beast closely misses you. The wight attacks as it pursues you!
The wight barely misses you. The ice beast barely misses you.
There is a stone staircase leading up here.
The wight barely misses you. The ice beast closely misses you.
You climb upwards.
There is a stone staircase leading down here.
You closely miss the wight.
The wight hits you with a +2 flail of freezing.
The wight freezes you. The ice beast hits you. The ice beast freezes you.
You closely miss the wight.
The wight hits you with a +2 flail of freezing!
* * * LOW HITPOINT WARNING * * *
The wight freezes you.
* * * LOW HITPOINT WARNING * * *
You scratch the wight.
The wight is moderately damaged.
The ice beast hits you but does no damage.
The wight hits you with a +2 flail of freezing!
You die...

.....# ##.#..# #.# ##.###
#.#...# #.######### ##.#
##...## ###.......... ...#
##.## #<....∩..#### ####
##.####### #.....##.#
##........# #....###.#
#.###.....###.#..# #.# #.#
#...Y........# #.#
#.###.∩zh.###.#.## #.#
##........# #.#.# #.#
########## #.#.####.#
#........# ##########
###.###### #........# #.#
## #.######.# ##.#######
.# #.# #.# #........### .#
#.######.######..#####....


You could see an ice beast and a wight.

Vanquished Creatures
  A two-headed ogre (D:6)
  4 yaks (D:6)
  A water moccasin (D:6)
  A black bear (D:6)
  2 ogres (D:6)
  A centaur (D:6)
  2 necrophages (D:4)
  A scorpion (D:4)
  4 wights (D:6)
  2 bombardier beetles
  A bullfrog zombie (D:4)
  2 jellies
  A human zombie (D:4)
  3 orc priests (D:5)
  2 hounds (D:5)
  4 orc wizards (D:5)
  A hound skeleton (D:4)
  3 hound zombies (D:4)
  A howler monkey zombie (D:4)
  7 adders
  2 shadow imps
  A white imp (D:6)
  2 ufetubi (D:5)
  An adder zombie (D:4)
  An adder skeleton (D:4)
  A ribbon worm (D:4)
  A dart slug (D:2)
  23 orcs
  5 endoplasms
  A giant cockroach (D:1)
  5 hobgoblins
  3 jackals (D:1)
  2 quokkas
  4 ball pythons
  2 bats
  2 frilled lizards
  6 goblins
  10 kobolds
  5 rats
121 creatures vanquished.

Notes
Turn   | Place    | Note
-------+----------+-------------------------------------------
     0 | D:1      | seu1023 the Felid Shapeshifter began the quest for the Orb.
     0 | D:1      | Reached XP level 1. HP: 10/10 MP: 2/2
   146 | D:1      | Found Iluc's Distillery.
   170 | D:1      | Bought a potion of curing for 36 gold pieces
   231 | D:1      | Reached skill level 1 in Stealth
   231 | D:1      | Reached XP level 2. HP: 13/14 MP: 3/3
   734 | D:1      | Reached XP level 3. HP: 3/18 MP: 4/4
   997 | D:2      | Found the +7 Kryia's mail coat {PotionHeal*2 rC+}
  1334 | D:2      | Succumbed to an adder's poison
  1334 | D:2      | Lost a life (0 lives remaining)
  1348 | D:2      | Reached XP level 4. HP: 23/23 MP: 5/5
  1348 | D:2      | Gained a life (1 life remaining)
  1560 | D:3      | Found a faded altar of an unknown god.
  1830 | D:3      | Reached XP level 5. HP: 27/27 MP: 6/6
  2254 | D:4      | Gained mutation: You are covered in thick fur. (AC +2)
                  | [Felid growth]
  2254 | D:4      | Reached XP level 6. HP: 31/32 MP: 7/7
  2262 | D:4      | Found an ancient bone altar of Kikubaaqudgha.
  2414 | D:4      | Noticed Duvessa
  2456 | D:4      | Noticed Dowan
  2581 | D:4      | Reached skill level 5 in Unarmed Combat
  2639 | D:4      | Identified the +0 leather armour "Eghuoh" {rN+++}
  2722 | D:4      | Found an opulent altar of Gozag.
  2770 | D:4      | Reached XP level 7. HP: 37/37 MP: 8/8
  2770 | D:4      | Gained a life (2 lives remaining)
  2883 | D:5      | Entered Level 5 of the Dungeon
  3248 | D:5      | Found a staircase to the Ecumenical Temple.
  3263 | Temple   | Entered the Ecumenical Temple
  3290 | Temple   | Became a worshipper of Cheibriados the Contemplative
  3923 | D:5      | Killed from afar by an orc priest
  3923 | D:5      | Lost a life (1 life remaining)
  4311 | D:5      | Found the +4 robe of Augmentation {Str+4 Int+4 Dex+4}
  4420 | D:6      | Reached * piety under Cheibriados
  4421 | D:6      | Reached skill level 5 in Fighting
  4451 | D:6      | Reached skill level 5 in Shapeshifting
  4519 | D:6      | Reached XP level 8. HP: 43/43 MP: 9/9
  4832 | D:6      | Found Mammahun's Antique Weapon Emporium.
  4894 | D:6      | Mangled by a yak
  4894 | D:6      | Lost a life (0 lives remaining)
  4901 | D:6      | Reached skill level 5 in Dodging
  4935 | D:6      | Found Teohomih's Armour Shop.
  4973 | D:6      | Found Mumegoigh's Armour Shoppe.
  5087 | D:6      | Noticed a two-headed ogre
  5146 | D:6      | Found a transporter.
  5151 | D:6      | Found Keuse's Antique Weapon Emporium.
  5188 | D:6      | Reached skill level 5 in Stealth
  5194 | D:6      | Reached XP level 9. HP: 35/49 MP: 10/10
  5346 | D:6      | Killed a two-headed ogre
  5466 | D:6      | Found a transporter.
  5524 | D:6      | Found Mapid's Armour Emporium.
  5784 | D:6      | Mangled by a wight

Illustrated notes

Levels and vault maps discovered:
D:1:      elethiomel_arrival_fortress_basement, layout_rooms, serial_shops, shop
D:2:      layout_basic
D:3:      layout_loops_cross, ebering_ecumenical_altar_petrified
D:4:      layout_rooms, lemuel_mausoleum_altar_kikubaaqudgha,
          nicolae_gozag_cash_rules_everything_around_me, minmay_quadrilaterals,
          uniq_duvessa
D:5:      layout_loops_corners, minmay_temple_entry_gardened_gates
D:6:      layout_loops_corners, serial_shops, nicolae_shop_tiny_waterfront,
          shop, shop, nicolae_shop_drivethru, shop
D:7:      layout_cave_pools, lemuel_flame_loot_1
Temple:   nicolae_temple_bog_church

Skill      XL: |  1  2  3  4  5  6  7  8  9 |
---------------+----------------------------+-----
Stealth        | 1 5 6 |  6.3
Dodging        | 3 5 6 |  6.5
Shapeshifting  | 3 4 5 6 |  6.3
Fighting       | 2 3 4 5 6 |  6.9
Unarmed Combat | 4 5 6 |  6.0

Action                     |  1- 3 |  4- 6 |  7- 9 || total
---------------------------+-------+-------+-------++-------
  Melee: Unarmed           |    83 |   137 |   182 ||   402
         Bite              |     8 |    16 |    26 ||    50
         Punch             |     2 |     4 |     7 ||    13
    Use: Potion            |     1 |       |       ||     1
         Scroll            |       |       |     1 ||     1
   Stab: Sleeping          |     4 |     2 |     5 ||    11
 Armour: Skin              |    21 |    29 |    75 ||   125
  Dodge: Dodged            |    50 |    80 |   152 ||   282
